 Dungeon Crawl Stone Soup version 0.22-a0-608-g8a62e23 (webtiles) character file.

411 kae the Slasher (level 6, -1/56 HPs)
             Began as a Minotaur Fighter on July 9, 2018.
             Was an Initiate of Makhleb.
             Slain by a gnoll
             ... wielding a +2 halberd of flaming
              (11 damage)
             ... on level 4 of the Dungeon.
             The game lasted 00:01:32 (2668 turns).

kae the Slasher (Minotaur Fighter)                  Turns: 2668, Time: 00:01:32

Health: -1/56      AC:  7    Str: 26    XL:     6   Next: 58%
Magic:  5/5        EV:  9    Int:  6    God:    Makhleb [......]
Gold:   201        SH: 10    Dex: 10    Spells: 5/5 levels left

rFire    . . .     SeeInvis .   a - +0 long sword
rCold    . . .     Gourm    .   c - +0 shield
rNeg     . . .     Faith    .   b - +0 scale mail
rPois    .         Spirit   .   (helmet restricted)
rElec    .         Reflect  .   (no cloak)
rCorr    .         Harm     .   (no gloves)
MR       .....                  (no boots)
Stlth    ..........             (no amulet)
HPRegen  0.18/turn              (no ring)
MPRegen  0.09/turn              (no ring)

@: mighty
A: retaliatory headbutt, horns 2
a: Renounce Religion


You were on level 4 of the Dungeon.
You worshipped Makhleb.
Makhleb was noncommittal.
You were not hungry.

You visited 1 branch of the dungeon, and saw 4 of its levels.

You collected 201 gold pieces.

Inventory:

Hand Weapons
 a - a +0 long sword (weapon)
Armour
 b - a +0 scale mail (worn)
 c - a +0 shield (worn)
Jewellery
 j - an uncursed amulet of the gourmand {unknown}
Wands
 r - a wand of digging (1)
Scrolls
 g - a scroll of enchant weapon {unknown}
 i - a scroll of amnesia {unknown}
 l - 2 scrolls of teleportation {unknown}
 m - a scroll of fog {unknown}
 n - 2 scrolls of identify {unknown}
 p - a scroll of remove curse {unknown}
Potions
 e - 2 potions of brilliance {unknown}
 h - a potion of agility {unknown}
 k - 2 potions of curing {unknown}
 o - 2 potions of mutation {unknown}
 q - a potion of degeneration {unknown}
Comestibles
 f - 8 rations


   Skills:
 + Level 5.0 Fighting
 * Level 5.6 Long Blades
 + Level 5.0 Armour
 + Level 2.9 Dodging
 - Level 3.6 Shields
 + Level 1.2 Invocations


You had 5 spell levels left.
You didn't know any spells.
Your spell library contained the following spells:

 Spells                   Type           Power        Failure   Level  Hunger
 Apportation              Tloc           #.....       99%         1    ##.....
 Summon Small Mammal      Summ           #...         99%         1    ##.....
 Animate Skeleton         Necr           N/A          99%         1    ##.....
 Confusing Touch          Hex            #.....       99%         1    ##.....


Dungeon Overview and Level Annotations

Branches:
Dungeon (4/15)
 Temple: D:4-7

Altars:
Makhleb
Qazlal
Uskayaw
Wu Jian
The Shining One


Innate Abilities, Weirdness & Mutations

You reflexively headbutt those who attack you in melee.
You have a pair of horns on your head.


Message History

You slash the gnoll shaman!
You kill the gnoll shaman!
Makhleb accepts your kill.
The gnoll hits you from afar with a halberd of flaming.
The gnoll burns you. You block the frilled lizard's attack.
You block the gnoll's attack.
You slash the giant cockroach!
You kill the giant cockroach!
Makhleb accepts your kill. The gnoll barely misses you.
The frilled lizard bites you.
You slash the frilled lizard!
You kill the frilled lizard!
Makhleb accepts your kill.
The gnoll hits you from afar with a halberd of flaming!
* * * LOW HITPOINT WARNING * * *
The gnoll burns you.
* * * LOW HITPOINT WARNING * * *
The gnoll completely misses you.
The gnoll hits you with a halberd of flaming!
You die...

... #......_......#
###.####..#.......#..##
..........#.......#....
##........##.....##.###
........#.####.####.# #
#..................# #
#.####.#.########### #
# ##<#.# # #@)#.# #
#g)#.# # #..#.# #
#.$#.# #######
#..รท.....# .......
#......... .##.###
....#####. .......
##...# ###.### ....# #


You could see a gnoll.

Vanquished Creatures
  A bullfrog skeleton (D:4)
  3 hounds
  An orc priest (D:4)
  Natasha (thrice) (D:3)
  A gnoll shaman (D:4)
  A worker ant (D:4)
  4 gnolls
  2 adders
  An ooze (D:2)
  3 worms
  4 dart slugs
  3 leopard geckos
  5 orcs
  7 giant cockroaches
  3 goblins
  A hobgoblin (D:3)
  4 kobolds
  2 quokkas (D:2)
  2 ball pythons
  7 bats
  3 frilled lizards
  7 rats
68 creatures vanquished.

Notes
Turn   | Place    | Note
-------+----------+-------------------------------------------
     0 | D:1      | kae the Minotaur Fighter began the quest for the Orb.
     0 | D:1      | Reached XP level 1. HP: 19/19 MP: 0/0
    67 | D:1      | Found a glowing golden altar of the Shining One.
   162 | D:1      | Reached XP level 2. HP: 27/27 MP: 1/1
   484 | D:2      | Found a hide-covered altar of Uskayaw.
   524 | D:2      | Reached skill level 1 in Dodging
   636 | D:2      | Found a stormy altar of Qazlal.
   644 | D:2      | Reached XP level 3. HP: 33/33 MP: 2/2
   796 | D:3      | Noticed Natasha
   810 | D:3      | Killed Natasha
   810 | D:3      | Reached XP level 4. HP: 24/40 MP: 3/3
  1637 | D:3      | Reached XP level 5. HP: 47/47 MP: 4/4
  1713 | D:3      | Noticed Natasha
  1726 | D:3      | Killed Natasha
  1962 | D:3      | Found a burning altar of Makhleb.
  2086 | D:3      | Noticed Natasha
  2096 | D:3      | Killed Natasha
  2248 | D:3      | Became a worshipper of Makhleb the Destroyer
  2296 | D:4      | Reached skill level 5 in Long Blades
  2347 | D:4      | Found an ornate altar of the Wu Jian Council.
  2365 | D:4      | Reached XP level 6. HP: 43/55 MP: 5/5
  2388 | D:4      | Reached skill level 1 in Invocations
  2398 | D:3      | Reached skill level 5 in Fighting
  2661 | D:4      | Reached skill level 5 in Armour
  2668 | D:4      | Slain by a gnoll

Vault maps used:
D:1:      dpeg_arrival_rhombi, grunt_decor_arrowhead, tso_altar
D:2:      nicolae_overflow_hidden_temple, nicolae_overflow_crystal_walls
D:3:      first_ration, makhleb_blood_cavern_becter, uniq_natasha
D:4:      kennysheep_mini, old_standard_altar, minmay_bent

Skill      XL: |  1  2  3  4  5  6 |
---------------+-------------------+-----
Long Blades    | 3 4 5 |  5.6
Dodging        | 1 2 |  2.9
Fighting       | 4 5 |  5.0
Armour         | 4 5 |  5.0
Invocations    | 1 |  1.2
Shields        | |  3.6

Action                   |  1- 3 |  4- 6 || total
-------------------------+-------+-------++-------
Melee: Long sword        |    76 |   111 ||   187
       Headbutt          |     8 |    22 ||    30
  Use: Potion            |       |     1 ||     1
  Eat: Chunk             |       |     6 ||     6
Armor: Scale mail        |    24 |    32 ||    56
Dodge: Dodged            |    25 |    37 ||    62
Block: Shield            |    42 |    58 ||   100
       Rpst.: Long sword |     7 |     7 ||    14

Table legend:
 A = Spawn XP
 B = Non-spawn XP
 C = Spawn XP percentage of total XP
 D = Spawn monster count
 E = Non-spawn monster count
 F = Spawn count percentage of total count
 G = Total turns spent on level
                    A         B        C        D         E        F      G
               +---------+---------+-------+---------+---------+-------+---------
         Total |       0 |     588 |   0.0 |       0 |      68 |   0.0 |  2668
               +---------+---------+-------+---------+---------+-------+---------
           D:1 |       0 |      25 |   0.0 |       0 |      15 |   0.0 |   483
           D:2 |       0 |      50 |   0.0 |       0 |      15 |   0.0 |   726
           D:3 |       0 |     233 |   0.0 |       0 |      25 |   0.0 |  1347
           D:4 |       0 |     280 |   0.0 |       0 |      13 |   0.0 |   112
               +---------+---------+-------+---------+---------+-------+---------
